 Dungeon Crawl Stone Soup version 0.24-a0-549-g45f0056d81 (webtiles) character file.

Game seed: 9884112323048510386

7843 EnegeticOcto the Thaumaturge (level 11, -16/53 HPs)
             Began as a Spriggan Venom Mage on Aug 19, 2019.
             Was an Initiate of Gozag.
             Hit by a large rock thrown by a cyclops (20 damage)
             ... on level 11 of the Dungeon.
             The game lasted 00:21:21 (12645 turns).

EnegeticOcto the Thaumaturge (Spriggan Venom Mage) Turns: 12645, Time: 00:21:22

Health: -16/53     AC:  3    Str:  6    XL:     11   Next: 2%
Magic:  11/25      EV: 26    Int: 30    God:    Gozag
Gold:   967        SH:  0    Dex: 17    Spells: 13/29 levels left

rFire    + . .     SeeInvis +   E - +1 flail "Yblunnit" {holy, *Contam rPois Int+7}
rCold    . . .     Gourm    .   (shield restricted)
rNeg     + . .     Faith    .   o - +1 robe
rPois    +         Spirit   .   v - +0 hat "Imoveela" {rF+ rN+ Str-2 Int+4}
rElec    .         Reflect  .   (no cloak)
rCorr    .         Harm     .   (gloves unavailable)
MR       +....                  (boots unavailable)
Stlth    ++++......             h - amulet of magic regeneration
HPRegen  0.17/turn              r - +3 ring of evasion
MPRegen  0.44/turn              t - +3 ring of strength

@: very slightly contaminated, very quick
A: very small, unfitting armour, see invisible, herbivore, speed 3, slow
metabolism 2
a: Potion Petition, Call Merchant, Bribe Branch, Renounce Religion


You were on level 11 of the Dungeon.
You worshipped Gozag.
Gozag was pleased with you.
You were not hungry.

You visited 1 branch of the dungeon, and saw 11 of its levels.

You collected 2210 gold pieces.
You spent 1222 gold pieces at shops.
You paid 21 gold pieces to Gozag.

Inventory:

Hand Weapons
 b - a +4 dagger of venom
 E - the +1 flail "Yblunnit" (weapon) {holy, *Contam rPois Int+7}
   (You bought it in a shop on level 9 of the Dungeon)

   It has been blessed by the Shining One to cause great damage to the undead
   and demons.
   It affects your intelligence (+7).
   It protects you from poison.
   It causes magical contamination when unequipped.
Missiles
 m - a throwing net (quivered) {!f}
Armour
 o - a +1 robe (worn)
 v - the +0 hat "Imoveela" (worn) {rF+ rN+ Str-2 Int+4}
   (You acquired it on level 6 of the Dungeon)

   It affects your strength (-2).
   It affects your intelligence (+4).
   It protects you from fire.
   It protects you from negative energy.
Magical Staves
 a - an uncursed staff of wizardry
 H - an uncursed staff of poison {unknown}
Jewellery
 h - an amulet of magic regeneration (around neck)
 r - a +3 ring of evasion (left hand)
 t - a +3 ring of strength (right hand)
 C - an uncursed amulet of faith {unknown}
 K - a cursed ring of flight {unknown}
Wands
 k - a wand of polymorph (4)
 y - a wand of digging (5)
 A - a wand of flame (23)
 G - a wand of enslavement (9)
 J - a wand of iceblast (11)
Scrolls
 c - 2 scrolls of blinking {@r4}
 d - a scroll of random uselessness {unknown}
 f - a scroll of immolation {unknown}
 j - 2 scrolls of enchant armour
 l - 2 scrolls of fog {!r}
 q - 4 scrolls of magic mapping {@r5 !r}
 s - a scroll of enchant weapon
 u - 3 scrolls of remove curse {@r2}
 w - a scroll of noise
 x - a scroll of amnesia {unknown}
 z - 5 scrolls of teleportation {@r3 !r}
 B - a scroll of torment {unknown}
Potions
 g - 4 potions of haste {@q4 !q}
 i - 2 potions of mutation
 n - 2 potions of curing {@q1 !q}
 p - 2 potions of flight
 D - a potion of brilliance
 F - a potion of heal wounds {unknown}
 I - 2 potions of ambrosia
Comestibles
 e - 16 rations


   Skills:
 + Level 4.0 Fighting
 - Level 8.0 Dodging
 - Level 9.1 Stealth
 + Level 9.5 Spellcasting
 - Level 0.6 Conjurations
 - Level 5.0 Summonings
 - Level 6.0 Air Magic
 + Level 8.2 Poison Magic
 + Level 4.0 Evocations


You had 13 spell levels left.
You knew the following spells:

 Your Spells              Type           Power        Failure   Level  Hunger
a - Sting                 Conj/Pois      ####         1%          1    None
b - Poisonous Vapours     Pois/Air       ######       1%          2    None
c - Olgreb's Toxic Radia  Pois           ######..     1%          4    None
d - Venom Bolt            Conj/Pois      #####.....   17%         5    ###....
e - Summon Lightning Spi  Summ/Air       #####...     3%          4    None

Your spell library contained the following spells:

 Spells                   Type           Power        Failure   Level  Hunger
 Summon Small Mammal      Summ           ####         1%          1    None
 Call Imp                 Summ           #####...     1%          2    None
 Call Canine Familiar     Summ           #####...     1%          3    None
 Mephitic Cloud           Conj/Pois/Air  #####...     1%          3    None
 Summon Guardian Golem    Hex/Summ       ####....     4%          3    None
 Summon Ice Beast         Ice/Summ       ####....     13%         4    None


Dungeon Overview and Level Annotations

Branches:
Dungeon (11/15)            Temple (0/1) D:6            Lair (0/6) D:11
    Orc (0/2) D:10

Altars:
Ashenzari
Cheibriados
Dithmenos
Elyvilon
Gozag
Hepliaklqana
Kikubaaqudgha
Makhleb
Nemelex Xobeh
Uskayaw
Yredelemnul
Zin

Shops:
D:4 =   D:6 ?   D:8 ?   D:9 ([?:[   D:11 !


Innate Abilities, Weirdness & Mutations

You are very small and have problems with some larger weapons.
You are too small for most types of armour.
You have supernaturally acute eyesight. (SInv)
You are a herbivore.
You cover ground extremely quickly.
You need to consume almost no food.


Message History

The bullfrog is heavily wounded.
The bullfrog closely misses you. x2
You closely miss the bullfrog.
The bullfrog is heavily wounded.
The bullfrog completely misses you. x2
You sock the bullfrog!
The bullfrog is almost dead.
The bullfrog barely misses you. The bullfrog closely misses you.
The bullfrog misses you.
You hit the bullfrog.
You kill the bullfrog!
Your Evocations skill increases to level 4!
No target in view!
No target in view!
No target in view!
No target in view!
You now have 967 gold pieces (gained 7).
K - a small coral ring
q - 4 scrolls of magic mapping {@r5 !r} (gained 1)
You open the door.
Found Bibokk's Distillery.
There is an open door here.
There is an entrance to Bibokk's Distillery here.
You open the door.
There is an open door here.
Found a quarterstaff.
g - 4 potions of haste {@q4 !q} (gained 2)
Found a falchion.
Found 11 sling bullets.
Found a stone staircase leading down.
A cyclops comes into view.
A cyclops is nearby!
Casting: Olgreb's Toxic Radiance (safe; 1% risk of failure)
Confirm with . or Enter, or press ? or * to list all spells.
Aiming: Poisonous Vapours (safe; 1% risk of failure)
Press: ? - help, Dir - move target cursor, f - cyclops
Aim: a cyclops (resting) Poisonous vapours surround the cyclops!
The cyclops shouts!
The cyclops is engulfed in poison gas.
The cyclops is poisoned.
The cyclops throws a large rock.
The large rock hits you!!!
Ouch! That really hurt!
* * * LOW HITPOINT WARNING * * *
Casting: Poisonous Vapours (safe; 1% risk of failure)
Confirm with . or Enter, or press ? or * to list all spells.
Aiming: Poisonous Vapours (safe; 1% risk of failure)
Press: ? - help, Dir - move target cursor, f/p - cyclops
Aim: a cyclops (poison gas, moderately wounded, poisoned)
The poisonous vapours increase!
You see here 11 sling bullets.
There is an open door here.
There is an entrance to Bibokk's Distillery here.
Which direction?
You close the door.
You close the door.
You start resting.
You are feeling hungry.
You start resting.
HP restored.
You eat one of the 17 rations.
That ration really hit the spot!
You open the door.
There is an open door here.
The cyclops is too close now for your liking.
A cyclops is nearby!
Casting: Poisonous Vapours (safe; 1% risk of failure)
Confirm with . or Enter, or press ? or * to list all spells.
Aiming: Poisonous Vapours (safe; 1% risk of failure)
Press: ? - help, Dir - move target cursor, f - cyclops
Aim: a cyclops (hasn't noticed you) Poisonous vapours surround the cyclops!
The cyclops shouts!
You hear a screech!
Casting: Poisonous Vapours (safe; 1% risk of failure)
Confirm with . or Enter, or press ? or * to list all spells.
Aiming: Poisonous Vapours (safe; 1% risk of failure)
Press: ? - help, Dir - move target cursor, f/p - cyclops
Aim: a cyclops (poison gas)
The poisonous vapours increase!
The cyclops is engulfed in poison gas.
The cyclops is poisoned.
Casting: Poisonous Vapours (safe; 1% risk of failure)
Confirm with . or Enter, or press ? or * to list all spells.
You begin to radiate toxic energy.
The cyclops looks even sicker. x2
The cyclops throws a large rock.
The large rock hits you!!!
Ouch! That really hurt!
* * * LOW HITPOINT WARNING * * *
Casting: Olgreb's Toxic Radiance (safe; 1% risk of failure)
Confirm with . or Enter, or press ? or * to list all spells.
Aiming: Summon Lightning Spire (safe; 3% risk of failure)
Press: ? - help, Dir - move target cursor, p - cyclops You miscast Summon Lightning Spire.
You are very lightly contaminated with residual magic.
Your brain hurts!
Your toxic aura wanes.
Casting: Summon Lightning Spire (safe; 3% risk of failure)
Confirm with . or Enter, or press ? or * to list all spells.
Aiming: Summon Lightning Spire (safe; 3% risk of failure)
Press: ? - help, Dir - move target cursor An electric hum fills the air.
The cyclops throws a large rock.
The large rock hits you!!
You die...
Your body crumbles into a pile of gold.

#..## #........
#...## #..#####.
#....# #..# #.
#..#+### ##.# #.
#..+∩+.# #.# #.
#..#'#.####.# #.
#...........# #.
#...........# #.
#@..........# #.
#(..........# #.
#....8..........#
#.
#.....#########...
#.....# #....
#..C..# ....
#.....# #.....#
#.....#


You could see a cyclops and a friendly lightning spire.

Vanquished Creatures
  Erolcha (D:9)
  A two-headed ogre (D:11)
  Joseph (D:8)
  A hippogriff (D:10)
  12 yaks
  3 black bears
  4 orc warriors
  5 ogres
  2 sky beasts
  A necrophage (D:8)
  A centaur (D:8)
  2 big kobolds
  A gnoll sergeant (D:11)
  5 bullfrogs
  2 scorpions
  A water moccasin skeleton (D:7)
  9 killer bees
  2 jellies
  A bullfrog zombie (D:7)
  6 crimson imps
  3 hounds
  3 bullfrog skeletons
  A centaur skeleton (D:6)
  8 orc priests
  A gnoll shaman (D:8)
  4 iguanas
  6 orc wizards
  5 worker ants
  4 hound skeletons
  Robin (D:3)
  14 gnolls
  A worker ant zombie (D:5)
  A river rat (D:4)
  8 adders
  A shadow imp (D:10)
  An ooze (D:4)
  4 worms
  2 dart slugs (D:1)
  6 leopard geckos
  40 orcs
  A ball python (D:1)
  6 giant cockroaches
  8 goblins
  9 hobgoblins
  6 jackals
  5 quokkas
  4 bats
  6 frilled lizards
  A jackal skeleton (D:7)
  11 kobolds
  A leopard gecko skeleton (D:7)
  A quokka skeleton (D:8)
  11 rats
245 creatures vanquished.

Vanquished Creatures (collateral kills)
  A human (D:10)
  2 wargs (D:10)
  An orc wizard (D:10)
  3 orcs (D:10)
7 creatures vanquished.

Grand Total: 252 creatures vanquished

Notes
Turn   | Place    | Note
-------+----------+-------------------------------------------
     0 | D:1      | EnegeticOcto the Spriggan Venom Mage began the quest for
                  | the Orb.
     0 | D:1      | Reached XP level 1. HP: 9/9 MP: 5/5
   309 | D:1      | Reached XP level 2. HP: 13/13 MP: 4/7
   407 | D:1      | Learned a level 2 spell: Poisonous Vapours
   995 | D:2      | Reached XP level 3. HP: 16/16 MP: 1/8
  1090 | D:2      | Found an opulent altar of Gozag.
  1091 | D:2      | Found a glowing silver altar of Zin.
  1095 | D:2      | Became a worshipper of Gozag Ym Sagoz the Greedy
  1336 | D:2      | Found a shadowy altar of Dithmenos.
  2469 | D:3      | Noticed Robin
  2473 | D:3      | Killed Robin
  2473 | D:3      | Reached XP level 4. HP: 17/21 MP: 4/10
  2691 | D:3      | Learned a level 4 spell: Olgreb's Toxic Radiance
  3007 | D:3      | Reached skill level 5 in Stealth
  3049 | D:3      | Reached XP level 5. HP: 21/24 MP: 1/12
  4012 | D:4      | Found Navifue's Jewellery Shoppe.
  4324 | D:4      | Reached XP level 6. HP: 28/28 MP: 7/13
  4923 | D:4      | Reached skill level 5 in Dodging
  4941 | D:4      | Reached skill level 5 in Spellcasting
  5406 | D:5      | Entered Level 5 of the Dungeon
  5457 | D:5      | Reached XP level 7. HP: 19/32 MP: 15/15
  5963 | D:5      | Reached skill level 5 in Poison Magic
  7022 | D:6      | Reached XP level 8. HP: 36/36 MP: 15/18
  7154 | D:6      | Found Yrody's Magic Scroll Emporium.
  7160 | D:6      | Bought a scroll of blinking for 82 gold pieces
  7160 | D:6      | Bought a scroll of identify for 22 gold pieces
  7160 | D:6      | Bought a scroll of identify for 22 gold pieces
  7160 | D:6      | Bought a scroll of acquirement for 572 gold pieces
  7163 | D:6      | Got an encrusted hat
  7169 | D:6      | Identified the +0 hat "Imoveela" {rF+ rN+ Str-2 Int+4} (You
                  | acquired it on level 6 of the Dungeon)
  7410 | D:6      | Learned a level 5 spell: Venom Bolt
  7592 | D:6      | Found a hazy altar of Hepliaklqana.
  7594 | D:6      | Found a staircase to the Ecumenical Temple.
  8302 | D:7      | Learned a level 4 spell: Summon Lightning Spire
  8676 | D:7      | Reached skill level 1 in Air Magic
  8694 | D:7      | Reached skill level 1 in Summonings
  9021 | D:8      | Reached XP level 9. HP: 26/40 MP: 12/20
  9184 | D:8      | Found a burning altar of Makhleb.
  9190 | D:8      | Reached skill level 1 in Fighting
  9291 | D:8      | You fall into a shaft and drop 2 floors!
  9291 | D:10     | Entered Level 10 of the Dungeon
  9388 | D:9      | Found an ancient bone altar of Kikubaaqudgha.
  9388 | D:9      | Found a basalt altar of Yredelemnul.
  9388 | D:9      | Found a snail-covered altar of Cheibriados.
  9388 | D:9      | Found a shattered altar of Ashenzari.
  9391 | D:9      | Found a sparkling altar of Nemelex Xobeh.
  9472 | D:9      | Noticed Erolcha
  9497 | D:9      | Killed Erolcha
  9547 | D:9      | Found Ofaer's Book Emporium.
  9586 | D:9      | Found Fain's Magic Scroll Boutique.
  9592 | D:9      | Bought a scroll of magic mapping for 56 gold pieces
  9592 | D:9      | Bought a scroll of teleportation for 48 gold pieces
  9592 | D:9      | Bought a scroll of fog for 32 gold pieces
  9606 | D:9      | Found Nysagrio's Antique Armour Emporium.
  9664 | D:9      | Bought a shadowed robe for 142 gold pieces
  9674 | D:9      | Identified the cursed +0 robe of the Grue {+Inv rF+ Stlth-}
                  | (You bought it in a shop on level 9 of the Dungeon)
  9713 | D:9      | Found Cenetaos's Antique Weapon Shoppe.
  9717 | D:9      | Bought a pitted flail for 246 gold pieces
  9717 | D:9      | Identified the cursed +1 flail "Yblunnit" {holy, *Contam
                  | rPois Int+7} (You bought it in a shop on level 9 of the
                  | Dungeon)
  9734 | D:9      | Found a hide-covered altar of Uskayaw.
  9916 | D:9      | Reached XP level 10. HP: 47/47 MP: 13/23
 10115 | D:9      | Found Duefupel's Antique Armour Shop.
 10370 | D:8      | Noticed Joseph
 10387 | D:8      | Killed Joseph
 10742 | D:8      | Found Umyt's Magic Scroll Emporium.
 11083 | D:8      | Found a white marble altar of Elyvilon.
 11241 | D:10     | Reached skill level 5 in Air Magic
 11320 | D:10     | Reached skill level 1 in Evocations
 11375 | D:10     | Found a staircase to the Orcish Mines.
 11395 | D:10     | Reached skill level 5 in Summonings
 12042 | D:11     | Found a staircase to the Lair.
 12148 | D:11     | Noticed a two-headed ogre
 12168 | D:11     | Killed a two-headed ogre
 12225 | D:11     | Noticed a cyclops
 12264 | D:11     | Reached XP level 11. HP: 51/53 MP: 18/25
 12341 | D:11     | Found Bibokk's Distillery.
 12645 | D:11     | Hit by a large rock thrown by a cyclops

Levels and vault maps discovered:
D:1:      lemuel_arrival_muddy, layout_basic, minivault_24
D:2:      layout_loops_ring, grunt_temple_overflow_gold_and_silver,
          nicolae_dithmenos_shadow_blocks
D:3:      layout_basic, first_ration, uniq_robin
D:4:      layout_loops_corners, gup_sewer_entry_bowl, serial_shops, shop
D:5:      layout_basic, st_stairs_9
D:6:      layout_cave_pods, old_standard_altar, temple_fountains, serial_shops,
          nicolae_shop_stone
D:7:      cheibrodos_barr_body, layout_rooms
D:8:      layout_basic, makhleb_blood_cavern_becter, elyvilon_altar_3,
          serial_shops, nicolae_shop_competitors_out_of_business,
          blue_anna_alchemist [blue_anna_fruit_fields, blue_anna_fruit_fields],
          uniq_joseph
D:9:      layout_loops_cross, nicolae_overflow_hidden_temple, basic_altar,
          serial_shops, shop, shop_fountains, shop_scrolls, nicolae_shop_stone,
          nicolae_shop_behind_doors, uniq_erolcha
D:10:     layout_basic, erik_orc_4
D:11:     layout_irregular_city, dpeg_oklobed_lair, serial_shops,
          nicolae_shop_behind_doors, basic_altar,
          hangedman_abyss_or_decor_passed, xom_redecorated

Skill      XL: |  1  2  3  4  5  6  7  8  9 10 11 |
---------------+----------------------------------+-----
Spellcasting   | 3 4 5 6 7 8 9 |  9.5
Stealth        | 4 5 6 8 9 |  9.1
Poison Magic   | 4 5 6 7 8 |  8.2
Dodging        | 4 5 6 8 |  8.0
Air Magic      | 1 4 6 |  6.0
Summonings     | 1 4 5 |  5.0
Fighting       | 2 4 |  4.0
Evocations     | 3 4 |  4.0
Conjurations   | |  0.6

Action                   |  1- 3 |  4- 6 |  7- 9 | 10-12 || total
-------------------------+-------+-------+-------+-------++-------
Melee: Unarmed           |     1 |       |       |       ||     1
       Dagger            |     2 |   127 |   179 |       ||   308
       Staff             |       |    13 |    14 |       ||    27
       Flail             |       |       |     4 |    31 ||    35
 Cast: Sting             |    29 |    19 |     9 |    11 ||    68
       Poisonous Vapours |    39 |    50 |   104 |    72 ||   265
       Olgreb's Toxic Ra |       |     2 |    13 |    22 ||    37
       Venom Bolt        |       |       |     1 |     1 ||     2
       Summon Lightning  |       |       |       |     4 ||     4
Evoke: Wand              |       |       |     1 |     4 ||     5
  Use: Scroll            |       |     3 |    11 |     2 ||    16
 Stab: Sleeping          |       |     2 |     6 |       ||     8
       Distracted        |       |     1 |       |     1 ||     2
  Eat: Ration            |     1 |     2 |     3 |     2 ||     8
Armor: Robe              |     4 |     6 |    12 |     3 ||    25
Dodge: Dodged            |     7 |   113 |   228 |    84 ||   432

Table legend:
 A = Non-vault XP
 B = Vault XP
 C = Vault XP percentage of total XP
 D = Non-vault monster count
 E = Vault monster count
 F = Vault count percentage of total count
                 A         B        C        D         E       F
            +---------+---------+-------+---------+---------+-------
      Total |    8503 |    2702 |  24.1 |     210 |      42 |  16.7
            +---------+---------+-------+---------+---------+-------
        D:1 |      29 |       0 |   0.0 |      18 |       0 |   0.0
        D:2 |      40 |       0 |   0.0 |      15 |       0 |   0.0
        D:3 |     118 |      28 |  19.2 |      34 |       8 |  19.0
        D:4 |     483 |      19 |   3.8 |      24 |       3 |  11.1
        D:5 |     357 |     167 |  31.9 |      11 |       2 |  15.4
        D:6 |     581 |       0 |   0.0 |      15 |       0 |   0.0
        D:7 |     417 |     376 |  47.4 |      15 |       9 |  37.5
        D:8 |     790 |     679 |  46.2 |      18 |       4 |  18.2
        D:9 |    1635 |     982 |  37.5 |      15 |       1 |   6.2
       D:10 |    2495 |     451 |  15.3 |      27 |      15 |  35.7
       D:11 |    1558 |       0 |   0.0 |      18 |       0 |   0.0
            +---------+---------+-------+---------+---------+-------
